 Dungeon Crawl Stone Soup version 0.27.1-34-g3ba077fa99 (webtiles) character file.

Game seed: 10783325897862856940

87 belegose the Firebug (level 4, 0/36 HPs)
             Began as a Hill Orc Fire Elementalist on Jan 10, 2022.
             Succumbed to an adder's poison
             ... on level 3 of the Dungeon.
             The game lasted 00:06:20 (2658 turns).

belegose the Firebug (Hill Orc Fire Elementalist)   Turns: 2658, Time: 00:06:21

Health: 0/36       AC:  5    Str: 11    XL:     4   Next: 51%
Magic:  6/6        EV: 11    Int: 15    God:
Gold:   116        SH:  0    Dex:  9    Spells: 5/6 levels left

rFire    . . .     SeeInvis .   i - +0 flail
rCold    . . .     Faith    .   (no shield)
rNeg     . . .     Spirit   .   a - +0 robe
rPois    .         Reflect  .   m - +0 helmet
rElec    .         Harm     .   (no cloak)
rCorr    .         Rampage  .   (no gloves)
Will     .....                  (no boots)
Stlth    +.........             (no amulet)
HPRegen  0.12/turn              (no ring)
MPRegen  0.10/turn              (no ring)

@: lethally poisoned (0 -> -3)
A: iridescent scales 1, clumsy 1
a: no special abilities


You were on level 3 of the Dungeon.
You visited 1 branch of the dungeon, and saw 3 of its levels.

You collected 116 gold pieces.

Inventory:

Hand Weapons
 i - a +0 flail (weapon)
Missiles
 g - 22 stones
Armour
 a - a +0 robe (worn)
 m - a +0 helmet (worn)
Scrolls
 e - a scroll of magic mapping {unknown}
 f - 2 scrolls of noise {unknown}
 h - a scroll of summoning {unknown}
 k - a scroll of vulnerability {unknown}
 l - a scroll of teleportation {unknown}
Potions
 j - a potion of flight {unknown}


   Skills:
 + Level 2.2 Fighting
 + Level 1.3 Maces & Flails
 + Level 1.8 Armour
 - Level 1.5 Dodging
 - Level 1.5 Stealth
 - Level 1.5 Spellcasting
 + Level 1.9 Conjurations
 + Level 3.8 Fire Magic


You had 5 spell levels left.
You knew the following spells:

 Your Spells              Type           Power      Damage    Failure   Level
a - Foxfire               Conj/Fire      36%        2x1d5     7%          1

Your spell library contained the following spells:

 Spells                   Type           Power      Damage    Failure   Level
 Conjure Flame            Conj/Fire      9%         6-21      22%         3
 Inner Flame              Hex/Fire       6%         N/A       32%         3
 Ozocubu's Armour         Ice            1%         N/A       56%         3
 Sticky Flame             Conj/Fire      9%         2d3       56%         4
 Fireball                 Conj/Fire      4%         3d4       89%         5
 Ozocubu's Refrigeration  Ice            0%         4d5       100%        7


Dungeon Overview and Level Annotations

Branches:
Dungeon (3/15)

Altars:


Innate Abilities, Weirdness & Mutations

You are partially covered in iridescent scales. (AC +2)
You are clumsy. (Dex -2)


Message History

You kill the rat!
Found a stone staircase leading down.
You see here a rat corpse.
An adder comes into view.
Found an escape hatch in the floor.
The adder hisses angrily.
The adder bites you.
You are poisoned.
The adder poisons you!
A kobold comes into view.
It is wielding a +0 dagger and quivering poisoned darts.
You feel sick. The adder bites you.
You are more poisoned.
The adder poisons you!
You feel sick. The adder bites you.
You are more poisoned.
The adder poisons you!
You feel very sick. The adder bites you. x2
You feel very sick.
You see here a rat corpse.
You feel sick.
You feel sick.
You feel sick. The adder bites you.
* * * LOW HITPOINT WARNING * * *
It was a potion of mutation.
You feel extremely strange.
You feel clumsy.
Iridescent scales grow over part of your body.
* * * LOW HITPOINT WARNING * * *
You feel sick. The adder closely misses you.
Okay, then.
It was a potion of might.
You feel very mighty all of a sudden.
* * * LOW HITPOINT WARNING * * *
You feel sick. The adder bites you.
* * * LOW HITPOINT WARNING * * *
It was a potion of cancellation.
Your magical effects are unravelling.
You feel magically purged.
You feel a little less mighty now.
You die...

#.# #.# #..>.#.# # #.#
#...... .# #.# .....##.###
#.# #......... #.#
#.......# .# #.#
#.......#..
.###########.#####.#.......
.8#. ........@S.†.......#
... ........#####.#....# .8
......... ....>...... ###.#
#####...#######...####
#<#.# #...# ...# ##..######
#...# ...# §.)....... .....
...# .......... ...... .K..
######.###


You could see an adder.

Vanquished Creatures
  Robin (D:1)
  3 gnolls (D:2)
  A dart slug (D:2)
  5 endoplasms
  8 goblins
  7 hobgoblins
  4 jackals (D:2)
  2 kobolds
  A quokka (D:1)
  2 ball pythons (D:2)
  3 bats
  2 frilled lizards
  4 rats
43 creatures vanquished.

Vanquished Creatures (others)
  79 foxfires
79 creatures vanquished.

Grand Total: 122 creatures vanquished

Notes
Turn   | Place    | Note
-------+----------+-------------------------------------------
     0 | D:1      | belegose the Hill Orc Fire Elementalist began the quest for
                  | the Orb.
     0 | D:1      | Reached XP level 1. HP: 14/14 MP: 3/3
   634 | D:1      | Reached skill level 1 in Fighting
   634 | D:1      | Reached XP level 2. HP: 21/23 MP: 0/4
   973 | D:1      | Reached skill level 1 in Armour
  1629 | D:2      | Reached XP level 3. HP: 20/29 MP: 0/5
  2078 | D:2      | Noticed Robin
  2112 | D:2      | Reached skill level 1 in Maces & Flails
  2117 | D:2      | Reached XP level 4. HP: 32/36 MP: 2/6
  2164 | D:1      | Killed Robin
  2656 | D:3      | Gained mutation: You are clumsy. (Dex -2) [potion of
                  | mutation]
  2656 | D:3      | Gained mutation: You are partially covered in iridescent
                  | scales. (AC +2) [potion of mutation]
  2657 | D:3      | HP: 1/36 [adder (3)]
  2658 | D:3      | Succumbed to an adder's poison

Illustrated notes

Levels and vault maps discovered:
D:1:      onia_arrival_mini_maze, layout_loops_cross, minmay_statues_item,
          minmay_parallelograms
D:2:      layout_loops_ring, uniq_robin
D:3:      layout_basic, gammafunk_ghost_arena, basic_ecumenical_altar,
          small_statue_intersection, minmay_stone_trees_small

Skill      XL: |  1  2  3 |
---------------+----------+-----
Fighting       | 1 2 |  2.2
Armour         | 1 |  1.8
Maces & Flails | 1 |  1.3
Dodging        | |  1.5
Stealth        | |  1.5
Spellcasting   | |  1.5
Conjurations   | |  1.9
Fire Magic     | |  3.8

Action                   |  1- 3 |  4- 6 || total
-------------------------+-------+-------++-------
Melee: Unarmed           |    29 |       ||    29
       Club              |    14 |       ||    14
       Flail             |    21 |    17 ||    38
 Cast: Foxfire           |    43 |    10 ||    53
  Use: Potion            |       |     3 ||     3
Armor: Robe              |    16 |     4 ||    20
Dodge: Dodged            |    62 |     9 ||    71
